General information
- name: BNet
- type: Ladder team game (AT/RT)
- host: Battle.net
- saver: Civilw4rcrafter
map: Battleground
- players: 8
- length: 39:09
- speed: Fast
- version: 1.27 W3XP
- replay type: Public
» download(255 KB)
Players
team 1 (loser)
fumbler (
orange | 42 APM | 1616 actions | 38:21)
6 Demon Hunter
1 Immolation
3 Evasion
1 Mana Burn
1 Metamorphosis
» actions
| Assign group hotkey | 29 | |
| Basic commands | 9 | |
| Build / train | 73 | |
| ESC pressed | 1 | |
| Enter build submenu | 18 | |
| Enter hero's abilities submenu | 7 | |
| Give item / drop item | 5 | |
| Right click | 801 | |
| Select / deselect | 525 | |
| Select group hotkey | 69 | |
| Use ability | 79 | |
1616 total
» units
| Wisp | 20 | |
| Archer | 6 | |
| Huntress | 4 | |
| Dryad | 5 | |
| Mountain Giant | 2 | |
| Priest | 1 | |
38 total
» upgrades
| Ultravision | 1 | |
| Sentinel | 1 | |
| Druid of the Claw Training | 1 | |
| Well Spring | 1 | |
| Strength of the Wild | 1 | |
| Reinforced Hides | 4 | |
| Hardened Skin | 1 | |
| Nature's Blessing | 1 | |
11 total
» buildings
| Altar of Elders | 1 | |
| Moon Well | 7 | |
| Ancient of Wonders | 1 | |
| Ancient of War | 2 | |
| Hunter's Hall | 1 | |
| Tree of Ages | 4 | |
| Ancient of Lore | 3 | |
| Tree of Eternity | 1 | |
| Tree of Life | 1 | |
21 total
» build order
00:09 Altar of Elders
00:18 Moon Well
00:25 Ancient of Wonders
01:25 Moon Well
01:49 Ancient of War
02:17 Ancient of War
03:33 Hunter's Hall
04:37 Moon Well
04:58 Tree of Ages
04:58 Tree of Ages
07:01 Moon Well
07:06 Moon Well
07:16 Moon Well
09:13 Ancient of Lore
09:54 Tree of Eternity
10:51 Ancient of Lore
12:31 Ancient of Lore
18:21 Moon Well
20:10 Tree of Life
» items
| Lesser Clarity Potion | 1 | |
| Circlet of Nobility | 2 | |
| Staff of Preservation | 1 | |
| Potion of Healing | 2 | |
| Boots of Speed | 2 | |
| Orb of Fire | 1 | |
| Potion of Lesser Invulnerability | 2 | |
| Staff of Teleportation | 1 | |
12 total
Str8UpCleva (
blue | 72 APM | 1845 actions | 25:27)
5 Mountain King
3 Storm Bolt
2 Bash
4 Paladin
2 Holy Light
1 Divine Shield
1 Devotion Aura
» actions
| Assign group hotkey | 97 | |
| Basic commands | 130 | |
| Build / train | 64 | |
| Enter build submenu | 23 | |
| Enter hero's abilities submenu | 9 | |
| Give item / drop item | 1 | |
| Right click | 646 | |
| Select / deselect | 394 | |
| Select group hotkey | 399 | |
| Use ability | 82 | |
1845 total
» units
» upgrades
| Defend | 1 | |
| Plating | 3 | |
| Swords | 3 | |
| Animal War Training | 1 | |
8 total
» buildings
| Altar of Kings | 1 | |
| Farm | 9 | |
| Lumber Mill | 1 | |
| Scout Tower | 3 | |
| Barracks | 3 | |
| Arcane Tower | 1 | |
| Guard Tower | 2 | |
| Keep | 1 | |
| Arcane Vault | 1 | |
| Blacksmith | 1 | |
| Castle | 1 | |
24 total
» build order
00:28 Altar of Kings
00:32 Farm
00:43 Lumber Mill
00:55 Farm
01:35 Scout Tower
01:40 Farm
01:56 Barracks
02:08 Arcane Tower
02:23 Scout Tower
02:50 Guard Tower
03:01 Farm
03:19 Keep
03:43 Arcane Vault
04:29 Farm
04:37 Blacksmith
05:22 Farm
05:57 Castle
07:27 Barracks
07:31 Barracks
07:55 Scout Tower
09:47 Guard Tower
14:15 Farm
14:20 Farm
14:24 Farm
» items
| Potion of Healing | 1 | |
| Scroll of Town Portal | 2 | |
| Lesser Clarity Potion | 1 | |
| Scroll of Regeneration | 1 | |
5 total
LeoMobster (
green | 45 APM | 1781 actions | 39:08)
9 Archmage
3 Summon Water Elemental
3 Brilliance Aura
2 Mass Teleport
1 Blizzard
» actions
| Assign group hotkey | 70 | |
| Basic commands | 224 | |
| Build / train | 73 | |
| Enter build submenu | 49 | |
| Enter hero's abilities submenu | 7 | |
| Give item / drop item | 7 | |
| Remove unit from queue | 1 | |
| Right click | 697 | |
| Select / deselect | 337 | |
| Select group hotkey | 175 | |
| Use ability | 140 | |
1781 total
» units
| Peasant | 16 | |
| Footman | 4 | |
| Gryphon Rider | 7 | |
27 total
» upgrades
| Lumber Harvesting | 2 | |
| Masonry | 3 | |
| Swords | 3 | |
| Armor | 4 | |
| Storm Hammers | 1 | |
| Cloud | 1 | |
14 total
» buildings
| Altar of Kings | 1 | |
| Barracks | 1 | |
| Farm | 12 | |
| Scout Tower | 32 | |
| Arcane Tower | 2 | |
| Keep | 1 | |
| Lumber Mill | 3 | |
| Arcane Vault | 2 | |
| Castle | 1 | |
| Town Hall | 1 | |
| Gryphon Aviary | 4 | |
| Guard Tower | 6 | |
| Blacksmith | 2 | |
68 total
» build order
00:49 Altar of Kings
00:51 Barracks
00:54 Farm
00:55 Farm
01:05 Farm
01:42 Scout Tower
02:21 Arcane Tower
03:27 Keep
04:59 Lumber Mill
05:02 Arcane Vault
05:59 Castle
06:02 Lumber Mill
07:38 Town Hall
07:39 Scout Tower
07:40 Scout Tower
07:40 Scout Tower
07:40 Scout Tower
07:50 Scout Tower
07:50 Scout Tower
07:51 Scout Tower
07:51 Scout Tower
07:57 Arcane Vault
08:01 Scout Tower
08:02 Scout Tower
08:03 Scout Tower
08:03 Scout Tower
08:06 Scout Tower
08:07 Scout Tower
08:08 Scout Tower
08:35 Gryphon Aviary
08:35 Gryphon Aviary
08:36 Gryphon Aviary
08:42 Gryphon Aviary
08:44 Guard Tower
08:48 Blacksmith
09:09 Guard Tower
09:40 Blacksmith
09:47 Guard Tower
09:48 Arcane Tower
10:52 Farm
10:55 Farm
15:10 Lumber Mill
15:34 Scout Tower
15:35 Scout Tower
15:35 Scout Tower
15:36 Scout Tower
15:38 Scout Tower
15:39 Scout Tower
15:39 Scout Tower
15:40 Scout Tower
15:40 Scout Tower
15:40 Scout Tower
15:41 Scout Tower
15:57 Scout Tower
15:58 Scout Tower
15:59 Scout Tower
15:59 Scout Tower
16:00 Scout Tower
16:47 Guard Tower
16:50 Guard Tower
16:53 Guard Tower
18:00 Farm
18:01 Farm
18:01 Farm
18:01 Farm
19:03 Farm
33:35 Farm
33:38 Farm
» items
| Boots of Speed | 1 | |
| Staff of Teleportation | 2 | |
| Periapt of Vitality | 2 | |
| Potion of Lesser Invulnerability | 1 | |
| Scroll of Town Portal | 1 | |
| Tome of Retraining | 1 | |
8 total
Protoss_rulz (
yellow | 112 APM | 3246 actions | 28:52)
5 Archmage
3 Summon Water Elemental
2 Brilliance Aura
3 Mountain King
2 Storm Bolt
1 Bash
» actions
| Assign group hotkey | 422 | |
| Basic commands | 193 | |
| Build / train | 115 | |
| ESC pressed | 4 | |
| Enter build submenu | 32 | |
| Enter hero's abilities submenu | 8 | |
| Give item / drop item | 1 | |
| Remove unit from queue | 6 | |
| Right click | 1215 | |
| Select / deselect | 460 | |
| Select group hotkey | 605 | |
| Use ability | 181 | |
3246 total
» units
| Peasant | 24 | |
| Rifleman | 13 | |
| Priest | 6 | |
43 total
» upgrades
| Gunpowder | 3 | |
| Armor | 3 | |
| Long Rifles | 1 | |
| Lumber Harvesting | 1 | |
| Priest Training | 2 | |
10 total
» buildings
| Altar of Kings | 2 | |
| Farm | 16 | |
| Blacksmith | 1 | |
| Barracks | 1 | |
| Scout Tower | 1 | |
| Arcane Tower | 3 | |
| Arcane Vault | 1 | |
| Keep | 4 | |
| Castle | 4 | |
| Lumber Mill | 1 | |
| Town Hall | 6 | |
| Arcane Sanctum | 2 | |
42 total
» build order
00:08 Altar of Kings
00:10 Farm
00:35 Blacksmith
00:51 Barracks
01:19 Farm
02:14 Farm
02:39 Scout Tower
03:00 Arcane Tower
03:00 Arcane Tower
03:01 Arcane Tower
03:51 Farm
04:39 Arcane Vault
05:21 Farm
05:35 Keep
05:36 Keep
05:36 Keep
05:57 Farm
08:49 Castle
08:49 Castle
08:49 Castle
08:52 Farm
08:54 Farm
09:21 Farm
12:14 Farm
12:16 Lumber Mill
12:18 Farm
13:30 Town Hall
13:59 Arcane Sanctum
14:28 Arcane Sanctum
18:02 Town Hall
19:08 Town Hall
20:52 Town Hall
21:58 Town Hall
24:32 Farm
24:34 Farm
24:35 Farm
24:37 Farm
24:38 Farm
24:41 Town Hall
25:14 Altar of Kings
» items
| Scroll of Regeneration | 2 | |
| Scroll of Town Portal | 1 | |
| Lesser Clarity Potion | 1 | |
| Potion of Healing | 1 | |
5 total
team 2 (winner)

»
acfuuiii (
purple | 90 APM | 1563 actions | 17:16)
3 Blademaster
1 Wind Walk
2 Critical Strike
2 Shadow Hunter
1 Hex
1 Healing Wave
1 Far Seer
1 Chain Lighting
» actions
| Assign group hotkey | 22 | |
| Build / train | 63 | |
| Enter build submenu | 14 | |
| Enter hero's abilities submenu | 6 | |
| Give item / drop item | 1 | |
| Remove unit from queue | 1 | |
| Right click | 757 | |
| Select / deselect | 201 | |
| Select group hotkey | 424 | |
| Use ability | 74 | |
1563 total
» units
| Peon | 6 | |
| Grunt | 5 | |
| Rifleman | 4 | |
| Wind Rider | 5 | |
| Siege Engine | 3 | |
23 total
» upgrades
| Pillage | 1 | |
| Spiked Barricades | 1 | |
| Armor | 1 | |
| Berserker Strength | 1 | |
| Shaman Training | 2 | |
| Gunpowder | 1 | |
| Barrage | 1 | |
8 total
» buildings
| Orc Burrow | 4 | |
| Altar of Storms | 1 | |
| Barracks | 1 | |
| War Mill | 1 | |
| Voodoo Lounge | 1 | |
| Stronghold | 1 | |
| Spirit Lodge | 2 | |
| Fortress | 2 | |
| Workshop | 3 | |
| Farm | 4 | |
20 total
» build order
00:06 Orc Burrow
00:09 Altar of Storms
00:50 Barracks
01:44 Orc Burrow
01:54 War Mill
02:05 Voodoo Lounge
03:25 Stronghold
03:33 Orc Burrow
07:29 Spirit Lodge
09:01 Orc Burrow
10:23 Fortress
10:23 Fortress
11:44 Spirit Lodge
14:29 Workshop
14:30 Workshop
14:32 Workshop
14:40 Farm
14:40 Farm
14:41 Farm
14:41 Farm
» items
| Healing Salve | 4 | |
| Lesser Clarity Potion | 3 | |
| Scroll of Speed | 4 | |
| Periapt of Vitality | 2 | |
| Potion of Healing | 4 | |
| Scroll of Town Portal | 1 | |
| Potion of Mana | 2 | |
20 total

»
Bangladesh (
red | 34 APM | 463 actions | 13:30)
3 Archmage
2 Summon Water Elemental
1 Brilliance Aura
1 Paladin
1 Holy Light
» actions
| Build / train | 47 | |
| Enter build submenu | 15 | |
| Enter hero's abilities submenu | 4 | |
| Give item / drop item | 1 | |
| Right click | 177 | |
| Select / deselect | 174 | |
| Use ability | 45 | |
463 total
» units
» upgrades
» buildings
| Altar of Kings | 1 | |
| Farm | 6 | |
| Barracks | 1 | |
| Scout Tower | 2 | |
| Lumber Mill | 1 | |
| Arcane Tower | 1 | |
| Guard Tower | 4 | |
| Keep | 1 | |
| Arcane Vault | 1 | |
| Blacksmith | 1 | |
| Castle | 1 | |
20 total
» build order
00:06 Altar of Kings
00:22 Farm
01:03 Barracks
01:24 Farm
02:13 Farm
02:37 Scout Tower
02:40 Lumber Mill
03:07 Arcane Tower
03:39 Scout Tower
04:15 Guard Tower
04:18 Farm
05:03 Keep
05:54 Arcane Vault
06:16 Farm
06:53 Blacksmith
07:29 Castle
09:25 Guard Tower
09:28 Guard Tower
09:58 Guard Tower
11:53 Farm
» items
| Lesser Clarity Potion | 1 | |
| Healing Salve | 1 | |
| Scroll of Regeneration | 1 | |
| Scroll of Town Portal | 1 | |
| Ivory Tower | 3 | |
7 total

»
Treftz (
teal | 81 APM | 1183 actions | 14:36)
2 Far Seer
1 Feral Spirit
1 Chain Lighting
» actions
| Assign group hotkey | 18 | |
| Basic commands | 4 | |
| Build / train | 40 | |
| ESC pressed | 1 | |
| Enter build submenu | 17 | |
| Enter hero's abilities submenu | 2 | |
| Remove unit from queue | 3 | |
| Right click | 813 | |
| Select / deselect | 153 | |
| Select group hotkey | 102 | |
| Use ability | 30 | |
1183 total
» units
| Peon | 6 | |
| Grunt | 9 | |
| Wind Rider | 2 | |
| Forest Troll Shadow Priest | 1 | |
| Troll Batrider | 4 | |
22 total
» upgrades
» buildings
| Barracks | 1 | |
| Orc Burrow | 6 | |
| Altar of Storms | 1 | |
| Voodoo Lounge | 1 | |
| Stronghold | 1 | |
| War Mill | 1 | |
| Beastiary | 1 | |
| Fortress | 1 | |
13 total
» build order
00:13 Barracks
00:32 Orc Burrow
01:25 Orc Burrow
01:54 Altar of Storms
02:36 Voodoo Lounge
02:53 Orc Burrow
03:57 Orc Burrow
04:56 Stronghold
05:38 War Mill
06:15 Orc Burrow
07:19 Beastiary
10:38 Fortress
10:46 Orc Burrow
» items
| Scroll of Speed | 2 | |
| Healing Salve | 2 | |
| Potion of Healing | 1 | |
5 total
Civilw4rcrafter (
pink | 112 APM | 4404 actions | 39:09)
9 Blood Mage
3 Banish
3 Flame Strike
1 Summon Phoenix
2 Siphon Mana
» actions
| Assign group hotkey | 151 | |
| Basic commands | 32 | |
| Build / train | 206 | |
| ESC pressed | 12 | |
| Enter build submenu | 58 | |
| Enter hero's abilities submenu | 9 | |
| Right click | 2171 | |
| Select / deselect | 454 | |
| Select group hotkey | 1091 | |
| Use ability | 220 | |
4404 total
» units
| Peasant | 19 | |
| Footman | 9 | |
| Sorceress | 2 | |
| Gryphon Rider | 8 | |
| Dragonhawk Rider | 2 | |
40 total
» upgrades
| Defend | 1 | |
| Masonry | 3 | |
| Swords | 3 | |
| Sorceress Training | 1 | |
| Animal War Training | 1 | |
| Armor | 2 | |
| Lumber Harvesting | 2 | |
| Storm Hammers | 1 | |
14 total
» buildings
| Barracks | 2 | |
| Altar of Kings | 1 | |
| Farm | 10 | |
| Lumber Mill | 1 | |
| Arcane Vault | 1 | |
| Keep | 4 | |
| Blacksmith | 1 | |
| Scout Tower | 37 | |
| Arcane Tower | 7 | |
| Guard Tower | 91 | |
| Arcane Sanctum | 1 | |
| Castle | 4 | |
| Gryphon Aviary | 2 | |
| Town Hall | 3 | |
165 total
» build order
01:06 Barracks
01:08 Altar of Kings
01:10 Farm
01:24 Farm
01:42 Lumber Mill
01:57 Farm
02:06 Arcane Vault
02:12 Farm
02:51 Farm
04:25 Keep
04:25 Keep
04:25 Keep
05:40 Blacksmith
05:47 Scout Tower
05:51 Scout Tower
05:54 Scout Tower
05:56 Scout Tower
05:57 Scout Tower
05:58 Scout Tower
06:16 Arcane Tower
06:22 Arcane Tower
06:40 Arcane Tower
06:41 Guard Tower
06:41 Guard Tower
06:41 Guard Tower
06:42 Guard Tower
06:42 Guard Tower
06:42 Guard Tower
06:42 Guard Tower
06:55 Arcane Sanctum
07:46 Castle
07:46 Castle
07:47 Castle
09:19 Gryphon Aviary
09:21 Gryphon Aviary
11:06 Farm
11:09 Farm
12:33 Scout Tower
12:34 Scout Tower
12:35 Scout Tower
12:36 Scout Tower
12:47 Scout Tower
13:03 Guard Tower
13:03 Guard Tower
13:14 Guard Tower
13:16 Guard Tower
13:16 Guard Tower
13:22 Guard Tower
13:23 Guard Tower
13:23 Guard Tower
13:30 Guard Tower
13:31 Guard Tower
14:00 Town Hall
14:01 Scout Tower
14:02 Scout Tower
14:03 Scout Tower
14:04 Scout Tower
14:27 Scout Tower
14:27 Scout Tower
14:30 Scout Tower
14:31 Scout Tower
14:32 Guard Tower
14:32 Guard Tower
14:32 Guard Tower
14:32 Guard Tower
14:36 Guard Tower
14:37 Guard Tower
14:37 Guard Tower
14:37 Guard Tower
14:52 Scout Tower
15:10 Guard Tower
15:19 Guard Tower
15:20 Guard Tower
15:20 Guard Tower
15:21 Guard Tower
15:21 Guard Tower
15:21 Guard Tower
15:22 Guard Tower
15:32 Guard Tower
15:35 Scout Tower
16:13 Guard Tower
16:14 Guard Tower
16:14 Guard Tower
16:14 Guard Tower
16:29 Scout Tower
16:31 Scout Tower
16:33 Scout Tower
16:35 Scout Tower
16:36 Scout Tower
16:36 Scout Tower
16:38 Scout Tower
16:39 Scout Tower
16:44 Guard Tower
16:45 Guard Tower
17:08 Guard Tower
17:08 Guard Tower
17:08 Guard Tower
17:34 Guard Tower
17:35 Guard Tower
17:35 Guard Tower
17:53 Guard Tower
17:53 Guard Tower
17:53 Guard Tower
17:54 Guard Tower
17:58 Guard Tower
20:26 Farm
26:22 Farm
26:24 Farm
26:27 Barracks
26:50 Scout Tower
26:51 Scout Tower
26:53 Scout Tower
26:56 Scout Tower
27:21 Guard Tower
27:21 Guard Tower
27:21 Guard Tower
27:21 Guard Tower
27:22 Guard Tower
27:22 Guard Tower
27:26 Guard Tower
28:06 Town Hall
28:35 Guard Tower
28:36 Guard Tower
30:19 Town Hall
32:07 Scout Tower
32:08 Scout Tower
32:11 Scout Tower
32:14 Scout Tower
32:38 Arcane Tower
32:38 Arcane Tower
32:39 Guard Tower
32:39 Guard Tower
32:39 Guard Tower
32:39 Guard Tower
32:40 Guard Tower
32:40 Guard Tower
» items
| Scroll of Regeneration | 4 | |
| Staff of Teleportation | 1 | |
| Potion of Invisibility | 1 | |
| Scroll of Town Portal | 4 | |
| Lesser Clarity Potion | 3 | |
| Potion of Mana | 3 | |
| Potion of Healing | 1 | |
| Staff of Sanctuary | 1 | |
18 total
Chat log
(00:45 / Allies) Bangladesh: i am haras
(01:41 / All) Bangladesh: bangladesh #1
(01:47 / All) Protoss_rulz: ur a faggot
(01:52 / All) LeoMobster: bangladesh #150
(01:52 / All) Protoss_rulz: fuck u muslim fuck
(02:30 / Allies) Bangladesh: shop pls
(06:26 / Allies) Bangladesh: illusion
(12:49 / Allies) Treftz: wwo tp
(14:28 / All) fumbler: gg
(21:11 / All) Str8UpCleva: Enjoy that my partners stack 4k gold and wont share
(21:13 / All) Str8UpCleva: :P
(21:15 / All) Civilw4rcrafter: thanks
(21:15 / All) Civilw4rcrafter: I will
(21:17 / All) Civilw4rcrafter: you suck ass too
(21:19 / All) Civilw4rcrafter: so that helped
(21:19 / All) Str8UpCleva: Lolz
(21:21 / All) Civilw4rcrafter: raped oyu with one hero
(21:22 / All) Str8UpCleva: terrible
(21:25 / All) Str8UpCleva: Im laying down
(21:26 / All) Civilw4rcrafter: yeah you are
(21:27 / All) Str8UpCleva: eating pringles
(21:31 / All) Civilw4rcrafter: go kill yourself
(21:32 / All) Str8UpCleva: and bruh
(21:34 / All) Str8UpCleva: real talk
(21:36 / All) Str8UpCleva: you;re sad
(21:37 / All) Civilw4rcrafter: you blow
(21:39 / All) Str8UpCleva: lmao
(21:44 / All) Str8UpCleva: solo any day nooblet
(21:48 / All) Civilw4rcrafter: sure
(21:51 / All) Str8UpCleva: i may even sit up
(21:52 / All) Civilw4rcrafter: after this game meet in channel nigger
(21:52 / All) Str8UpCleva: lolz
(21:53 / All) Civilw4rcrafter: you suck
(21:57 / All) Civilw4rcrafter: I can beat you with one hand
(21:58 / All) Civilw4rcrafter: I did this game
(22:02 / All) Str8UpCleva: Congrats fagboy
(22:06 / All) Str8UpCleva: lmao
(22:08 / All) Str8UpCleva: you didnt beat me
(22:10 / All) Str8UpCleva: at all
(22:13 / All) Civilw4rcrafter: did
(22:14 / All) Civilw4rcrafter: with one hero
(22:16 / All) Civilw4rcrafter: I raped youer base
(22:18 / All) Str8UpCleva: nope
(22:20 / All) Civilw4rcrafter: what makes you think I couldn't do that solo
(22:21 / All) Str8UpCleva: you raped a base
(22:24 / All) Civilw4rcrafter: if I can solo hero dota rape you
(22:24 / All) Str8UpCleva: with 1 tower
(22:25 / All) Civilw4rcrafter: in 4v4
(22:32 / All) Str8UpCleva: while an army crushed 2 ally's
(22:33 / All) Str8UpCleva: lolz
(22:35 / All) Str8UpCleva: i love idiots
(22:36 / All) Str8UpCleva: who play rt
(22:39 / All) Str8UpCleva: and think they are good
(22:42 / All) Civilw4rcrafter: you're trash lol
(22:43 / All) Str8UpCleva: when they are completely ignored
(22:44 / All) Str8UpCleva: all game
(22:45 / All) Str8UpCleva: lmao
(22:48 / All) Civilw4rcrafter: 361-370 LMAO
(22:48 / All) Str8UpCleva: trash
(22:49 / All) Civilw4rcrafter: not even 50%
(22:50 / All) Str8UpCleva: =
(22:50 / All) Str8UpCleva: you
(22:52 / All) Str8UpCleva: nig nog
(22:55 / All) Str8UpCleva: 100% rt
(22:57 / All) Civilw4rcrafter: and you think you're good
(22:59 / All) Str8UpCleva: 95% laying down
(23:02 / All) Str8UpCleva: no im not good
(23:03 / All) Civilw4rcrafter: what's your aka who the hell are you
(23:04 / All) Str8UpCleva: but better than you noob
(23:11 / All) Str8UpCleva: lmao
(23:12 / All) Civilw4rcrafter: No one knows or cares who you are I imagine
(23:14 / All) Str8UpCleva: what an idiot
(23:35 / All) Str8UpCleva: Nope, my ego isnt fueled by my ability to play this game lmao. Sad that yours is thoughz
(23:39 / All) Civilw4rcrafter: people watch my games
(23:45 / All) Str8UpCleva: Lmao!
(23:47 / All) Civilw4rcrafter: because I'm good and entertaining unlike random 4v4 rt retards like you
(23:50 / All) Str8UpCleva: people watch your games
(23:51 / All) Str8UpCleva: lmao
(23:52 / All) Str8UpCleva: lmao
(23:53 / All) Str8UpCleva: lmao
(23:56 / All) Civilw4rcrafter: lol
(23:58 / All) Str8UpCleva: what a fucking funny ass qeer
(24:08 / All) Civilw4rcrafter: that sort of "lmao lmao lmao" is what people do when they are mad as fuck and don't want you to think so
(24:21 / All) fumbler: nigga you dead
(24:45 / All) Civilw4rcrafter: I don't think so
(25:02 / All) Civilw4rcrafter: nigga you dead
(25:07 / All) Str8UpCleva: Lol
(25:10 / All) Str8UpCleva: Tk skill is real!
(25:24 / All) Str8UpCleva: Peace niggz
(26:04 / All) Civilw4rcrafter: lol
(26:10 / All) Civilw4rcrafter: Nice work this game was smooth as hell
(26:12 / All) Protoss_rulz: lol the 4srt
(29:15 / All) LeoMobster: hero bug twice now
(29:26 / All) LeoMobster: they should patch that
(29:27 / All) fumbler: whats thta
(29:30 / All) Civilw4rcrafter: I've been lucky lately not got it in a while
(29:30 / All) LeoMobster: 14 years later
(29:31 / All) fumbler: patch what
(29:38 / All) LeoMobster: twice in this game chasing dh
(29:52 / All) fumbler: whats hero bug
(29:54 / All) fumbler: u speak of
(30:00 / All) LeoMobster: unresponsive hero
(30:02 / All) Civilw4rcrafter: when someone leaves sometimes you can't control your hero
(30:09 / All) Civilw4rcrafter: so some idiot will leave during an attacka nd you can't tp
(30:10 / All) LeoMobster: where you have to click off to something else in order to issue commands to your hero
(30:10 / All) Civilw4rcrafter: for example
(30:13 / All) fumbler: u just have to off click it
(31:38 / All) LeoMobster: finish blue and yellow bases
(31:55 / All) Civilw4rcrafter: k
(32:17 / All) LeoMobster: ANNIE ARE YOU OKAY ARE YOU OKAY ANNIE?
(32:25 / All) LeoMobster: YOUVE BEEN HIT BY YOUVE BEEN STRUCK BY A SMOOTH CRIMINAL
(34:25 / All) fumbler: almost got him
(34:32 / All) Civilw4rcrafter: not almost
(34:36 / All) LeoMobster: depends on your definition of "almost"
(34:40 / All) LeoMobster: yours is different thant most
(36:06 / All) Civilw4rcrafter: wow orange cares about this loss 297-249 solo
(36:23 / All) fumbler: so when i leave are you guys gonna have gay cyber sex
(36:32 / All) Civilw4rcrafter: when you leave we determine who wins and loses
(36:38 / All) Civilw4rcrafter: fag
(36:49 / All) LeoMobster: sorry to disappoint you, but no
(36:54 / All) LeoMobster: put your camera away
(37:12 / All) LeoMobster: anything left to say for yourself, man?
(37:17 / All) fumbler: gee whats the point then
(37:20 / All) LeoMobster: any pearls of wisdom you wish to bestow before you lose?
(37:40 / All) LeoMobster: Do you happen to live in San Francisco?
(38:27 / All) LeoMobster: I say he loses
(38:27 / All) Civilw4rcrafter: I say your team lose
(38:28 / All) LeoMobster: but
(38:29 / All) Civilw4rcrafter: mine was clueless
(38:33 / All) LeoMobster: let's stats in case there's like a perfect rec
(38:44 / All) Civilw4rcrafter: Red 170-172
(38:52 / All) Civilw4rcrafter: purp 238-234
(38:56 / All) Civilw4rcrafter: teal 1-0
(39:01 / All) LeoMobster: I say orange loses
(39:02 / All) Civilw4rcrafter: my team all losing recs